 Dungeon Crawl Stone Soup version 0.31-a0-360-gb3e1d13bf4 (webtiles) character file.

Game seed: 2100070063663376080

19703 Maratek the Blocker (level 12, -3/87 HPs)
             Began as a Green Draconian Venom Mage on July 26, 2023.
             Was an Elder of Hepliaklqana.
             Slain by a nine-headed hydra (12 damage)
             ... on level 3 of the Lair of Beasts.
             The game lasted 01:02:54 (11440 turns).

Maratek the Blocker (Green Draconian Venom Mage)   Turns: 11440, Time: 01:02:56

Health: -3/87      AC: 12    Str: 13    XL:     12   Next: 38%
Magic:  14/18      EV: 17    Int: 23    God:    Hepliaklqana [****..]
Gold:   883        SH: 21    Dex: 12    Spells: 18/19 levels left

rFire   . . .        k - +7 Throatcutter {drain, coup de grace}
rCold   . . .        l - +5 tower shield of Relativism {Contam rElec Int+5}
rNeg    . . .        (body armour unavailable)
rPois   +            N - +2 hat {Stlth+}
rElec   +            (no cloak)
rCorr   .            v - +0 pair of gloves
SInv    .            z - +0 pair of boots
Will    .....        x - amulet of regeneration
Stlth   ++++         f - +5 ring of evasion
HPRegen 1.14/turn    H - ring of wizardry
MPRegen 0.16/turn

%: wizardry (x1)
@: about to teleport, short of breath
A: reduced essence, breathe noxious fumes, AC +8, unfitting armour, poison
resistance, cold-blooded
a: Breathe Noxious Fumes, Renounce Religion, Recall Ancestor, Ancestor Identity,
Transference, Idealise


You were on level 3 of the Lair of Beasts.
You worshipped Hepliaklqana.
Hepliaklqana was greatly pleased with you.
You visited 2 branches of the dungeon, and saw 13 of its levels.
You also visited: Sewer.

You collected 939 gold pieces.
You spent 56 gold pieces at shops.

Inventory:

Hand Weapons
 c - the +3 falchion "Ecueptabb" {pain, rC+ Str+3}
   (You found it on level 7 of the Dungeon)

   Str:       It affects your strength (+3).
   rC:        It protects you from cold.
 k - the +7 Throatcutter (weapon) {drain, coup de grace}
   (You found it on level 2 of the Dungeon)
 A - a +7 rapier of venom
Armour
 l - the +5 tower shield of Relativism (worn) {Contam rElec Int+5}
   (You found it on level 2 of the Dungeon)

   Int:       It affects your intelligence (+5).
   rElec:     It insulates you from electricity.
   Contam:    It causes magical contamination when unequipped.
 v - a +0 pair of gloves (worn)
 z - a +0 pair of boots (worn)
 N - a +2 hat of stealth (worn)
Jewellery
 f - a +5 ring of evasion (left hand)
 g - an amulet of magic regeneration
 i - a ring of see invisible
 x - an amulet of regeneration (around neck)
 y - a ring of positive energy
 G - an amulet of the acrobat
 H - a ring of wizardry (right hand)
 Q - a ring of positive energy
Wands
 w - a wand of roots (16)
 F - a wand of polymorph (10)
 M - a wand of charming (11)
Scrolls
 d - 4 scrolls of poison
 h - 2 scrolls of teleportation
 j - 2 scrolls of vulnerability
 m - 3 scrolls of enchant weapon
 u - 2 scrolls of revelation
 B - a scroll of silence
 K - a scroll of butterflies {unknown}
 L - a scroll of torment
 O - a scroll of fog {unknown}
 P - a scroll of brand weapon {unknown}
Potions
 a - a potion of magic
 b - 2 potions of enlightenment {unknown}
 e - 5 potions of haste
 n - 4 potions of curing {unknown}
 o - a potion of ambrosia
 p - a potion of cancellation {unknown}
 q - 4 potions of attraction {unknown}
 r - a potion of lignification {unknown}
 s - 4 potions of heal wounds
 t - 2 potions of berserk rage {unknown}
 C - 3 potions of resistance {unknown}
 D - 2 potions of experience {unknown}
 E - a potion of mutation {unknown}
 I - 2 potions of brilliance {unknown}
 J - 2 potions of might {unknown}


   Skills:
 + Level 6.9 Fighting
 + Level 0.3(6.4) Short Blades
 + Level 10.3 Long Blades
 + Level 8.0 Dodging
 + Level 5.5 Stealth
 + Level 11.5 Shields
 + Level 0.5 Unarmed Combat
 + Level 4.4 Spellcasting
 + Level 3.5 Transmutations
 + Level 6.0 Poison Magic
 + Level 1.8 Evocations


You had 18 spell levels left.
You knew the following spells:

 Your Spells              Type           Power      Damage    Failure   Level
a - Sting                 Tmut/Pois      100%       1d8       3%          1

Your spell library contained the following spells:

 Spells                   Type           Power      Damage    Failure   Level
 Poisonous Vapours        Pois/Air       38%        N/A       12%         2
 Olgreb's Toxic Radiance  Pois           33%        N/A       21%         4
 Mephitic Cloud           Conj/Pois/Air  14%        N/A       32%         3
 Inner Flame              Hex/Fire       5%         N/A       56%         3
 Summon Guardian Golem    Hex/Summ       5%         N/A       56%         3
 Tukima's Dance           Hex            5%         N/A       56%         3
 Vhi's Electric Charge    Tloc/Air       10%        N/A       56%         3
 Volatile Blastmotes      Fire/Tloc      10%        2d10      56%         3
 Yara's Violent Unravell  Hex/Tmut       6%         3d5       96%         5
 Arcjolt                  Conj/Air       2%         1d12      99%         5
 Fireball                 Conj/Fire      2%         3d4       99%         5
 Summon Forest            Summ/Tloc      2%         N/A       99%         5
 Summon Mana Viper        Hex/Summ       5%         N/A       99%         5
 Plasma Beam              Fire/Air       2%         2x1d12    100%        6
 Summon Cactus Giant      Summ           2%         N/A       100%        6
 Enfeeble                 Hex            2%         N/A       100%        7
 Malign Gateway           Summ/Tloc      2%         N/A       100%        7
 Summon Horrible Things   Summ           2%         N/A       100%        8


Dungeon Overview and Level Annotations

Branches:
Dungeon (10/15)            Temple (0/1) D:5            Lair (3/5) D:9
  Sewer (visited)
  Swamp: Lair:2-3    Shoals: Lair:2-3     Snake: Lair:2-3    Spider: Lair:2-3
    Orc: D:9-12

Altars:
Ashenzari
Elyvilon
Hepliaklqana
Sif Muna
Xom
Zin

Shops:
D:2 =   D:3 ?   D:6 ?

Annotations:
D:7 2 transporters, KimchiStew's ghost, novice OpCj


Innate Abilities, Weirdness & Mutations

Your life essence is reduced to manifest your ancestor. (-10% HP)
You can breathe blasts of noxious fumes.
Your lurid green scales are hard. (AC +8)
You cannot fit into any form of body armour.
Your system is resistant to poisons. (rPois)
You are cold-blooded and may be slowed by cold attacks.


Message History

The seven-headed hydra completely misses you.
The seven-headed hydra bites you.
You hack one of the seven-headed hydra's heads off!
The six-headed hydra grows two more!
You slash the eight-headed hydra!
The eight-headed hydra is moderately wounded.
You block the eight-headed hydra's attack.
The eight-headed hydra bites you.
You block the eight-headed hydra's attack. x2
The eight-headed hydra bites you but does no damage.
The eight-headed hydra closely misses you.
The eight-headed hydra bites you.
The eight-headed hydra bites you but does no damage.
You chop one of the eight-headed hydra's heads off!
The seven-headed hydra grows two more!
You slash the nine-headed hydra!
The nine-headed hydra is moderately wounded.
The nine-headed hydra looks more healthy.
You block the nine-headed hydra's attack. x3
The nine-headed hydra closely misses you.
The nine-headed hydra bites you. x2; The nine-headed hydra bites you! x2
You block the nine-headed hydra's attack.
As you read the scroll of teleportation, it crumbles to dust.
You feel strangely unstable.
You block the nine-headed hydra's attack.
The nine-headed hydra completely misses you.
The nine-headed hydra bites you!
* * * LOW HITPOINT WARNING * * *
The nine-headed hydra bites you.
* * * LOW HITPOINT WARNING * * *
You block the nine-headed hydra's attack.
The nine-headed hydra closely misses you.
The nine-headed hydra bites you but does no damage. x2
You block the nine-headed hydra's attack.
The nine-headed hydra attacks as you move away!
The nine-headed hydra misses you.
You block the nine-headed hydra's attack. x3
The nine-headed hydra bites you!
* * * LOW HITPOINT WARNING * * *
The nine-headed hydra bites you but does no damage.
The nine-headed hydra bites you!
You die...

..P.......#....###
.................#
.................#
.................#
................P#
..##...........P##
P..##.......#...## .
#..#....D..P##..### ..
#...#...@...##....#
...###................##
..P.....^.............###
......!..........#....#.#
.......†................#
##.#..............##
#...#..............#
##......††........##
#..†<............##


You could see a nine-headed hydra.

Vanquished Creatures
  A hydra (Lair:2)
  Erolcha (D:9)
  A two-headed ogre (D:8)
  Urug (Lair:1)
  An ugly thing (D:7)
  A black mamba (Lair:2)
  Maggie (D:6)
  3 cane toads (Lair:1)
  3 komodo dragons
  A troll (D:10)
  4 blink frogs
  A vampire (D:7)
  A wyvern (D:9)
  15 yaks
  Eustachio (D:4)
  2 steam dragons
  Duvessa (D:7)
  4 water moccasins
  A sky beast (D:6)
  Pargi (Sewer)
  3 ice beasts
  An ogre (D:5)
  2 wolves
  2 centaurs
  A phantom (D:5)
  A gnoll sergeant (D:8)
  3 bullfrogs
  A scorpion (D:6)
  7 wights
  Dowan (D:7)
  7 killer bees
  4 howler monkeys
  A battlemage (Lair:2)
  3 hounds
  3 orc priests
  2 gnoll boudas (D:6)
  A jelly (D:8)
  2 sleepcaps (D:4)
  2 iguanas
  5 orc wizards
  3 hell rats (Lair:3)
  Robin (D:4)
  18 gnolls
  7 adders
  A white imp (D:5)
  A worm (D:4)
  15 orcs
  4 endoplasms
  5 giant cockroaches
  19 goblins
  7 hobgoblins
  6 jackals
  13 kobolds
  8 quokkas
  6 ball pythons
  12 bats
  4 frilled lizards
  8 rats
235 creatures vanquished.

Vanquished Creatures (collateral kills)
  Gastronok (Lair:1)
  Erica (D:9)
  A skyshark (Lair:2)
  A wizard (D:9)
  Maurice (D:10)
  Joseph (D:8)
  A cane toad (Lair:2)
  A komodo dragon (Lair:2)
  A troll (D:10)
  4 blink frogs (Lair:1)
  2 yaks (Lair:2)
  A wraith (D:9)
  A wyvern (Lair:3)
  A basilisk (Lair:2)
  A steam dragon (D:7)
  Grum (D:9)
  4 water moccasins
  An orc warrior (D:9)
  2 centaurs
  A wolf (D:9)
  A phantom (D:7)
  2 bullfrogs
  A gnoll sergeant (D:9)
  3 wights
  A killer bee (D:10)
  An electric eel (Lair:2)
  A jelly (D:7)
  2 orc priests
  An iguana (D:7)
  6 orc wizards
  4 hell rats (Lair:3)
  5 gnolls
  An adder (D:6)
  A white imp (D:7)
  A worm (D:5)
  7 orcs
  A quokka (D:5)
67 creatures vanquished.

Vanquished Creatures (others)
  9 battlemagi
  2 ancestors
11 creatures vanquished.

Grand Total: 313 creatures vanquished

Notes
Turn   | Place    | Note
-------+----------+-------------------------------------------
     0 | D:1      | Maratek the Draconian Venom Mage began the quest for the
                  | Orb.
     0 | D:1      | Reached XP level 1. HP: 14/14 MP: 3/3
   301 | D:1      | Reached XP level 2. HP: 22/22 MP: 5/5
  1064 | D:2      | Reached XP level 3. HP: 27/27 MP: 6/6
  1168 | D:2      | Found the +7 Throatcutter {drain, coup de grace}
  1396 | D:2      | Found Apuum's Jewellery Shop.
  1414 | D:2      | Identified the +5 tower shield of Relativism {Contam rElec
                  | Int+5}
  1809 | D:3      | Found Vothol's Magic Scroll Emporium.
  1825 | D:3      | Bought a scroll of identify for 28 gold pieces
  1825 | D:3      | Bought a scroll of identify for 28 gold pieces
  1839 | D:3      | Reached XP level 4. HP: 34/34 MP: 6/8
  1970 | D:3      | Reached skill level 1 in Long Blades
  2239 | D:3      | Found a glowing silver altar of Zin.
  2239 | D:3      | Found a white marble altar of Elyvilon.
  2241 | D:3      | Found a broken altar of Ashenzari.
  2417 | D:3      | Found a hazy altar of Hepliaklqana.
  2523 | D:3      | Reached XP level 5. HP: 39/39 MP: 9/9
  2812 | D:4      | Reached skill level 1 in Shields
  2825 | D:4      | Reached skill level 1 in Fighting
  2935 | D:4      | You fall into a shaft and drop 2 floors!
  3030 | D:6      | Found a shimmering altar of Xom.
  3070 | D:6      | Reached skill level 2 in Shields
  3070 | D:6      | Reached XP level 6. HP: 47/47 MP: 10/10
  3113 | D:6      | Noticed an ice beast
  3118 | D:6      | Killed an ice beast
  3223 | D:5      | Entered Level 5 of the Dungeon
  3283 | D:4      | Reached skill level 3 in Shields
  3290 | D:4      | Your scales start taking on a lurid green colour.
  3290 | D:4      | Reached XP level 7. HP: 52/52 MP: 11/11
  3290 | D:4      | Gained mutation: Your system is resistant to poisons.
                  | (rPois) [Green Draconian growth]
  3347 | D:4      | Found a glowing drain.
  3371 | Sewer    | Entered a sewer
  3406 | Sewer    | Noticed Pargi
  3419 | Sewer    | Killed Pargi
  3446 | Sewer    | Identified the +0 chain mail "Xosorrad" {rC+}
  3625 | D:4      | Noticed Robin
  3653 | D:4      | Killed Robin
  3751 | D:4      | Noticed Eustachio
  3754 | D:4      | Killed Eustachio
  3755 | D:4      | Reached skill level 4 in Shields
  4153 | D:3      | Became a worshipper of Hepliaklqana the Forgotten
  4277 | D:5      | Found a staircase to the Ecumenical Temple.
  4385 | D:5      | Reached XP level 8. HP: 61/61 MP: 12/12
  4602 | D:5      | Reached * piety under Hepliaklqana
  4643 | D:5      | Reached skill level 5 in Shields
  5274 | D:6      | Noticed Maggie
  5284 | D:6      | Killed Maggie
  5285 | D:6      | Reached skill level 5 in Long Blades
  5285 | D:6      | Reached skill level 1 in Evocations
  5405 | D:6      | Found Vakal's Magic Scroll Emporium.
  5863 | D:6      | Reached skill level 6 in Shields
  5922 | D:7      | Noticed KimchiStew's ghost (novice OpCj)
  5922 | D:7      | Found a transporter.
  5922 | D:7      | Found a transporter.
  6075 | D:7      | Reached XP level 9. HP: 62/62 MP: 13/13
  6107 | D:7      | Reached skill level 5 in Dodging
  6112 | D:7      | Identified the +3 falchion "Ecueptabb" {pain, rC+ Str+3}
  6158 | D:7      | Noticed Dowan
  6162 | D:7      | Noticed Duvessa
  6169 | D:7      | Killed Duvessa
  6181 | D:7      | Killed Dowan
  6388 | D:8      | Noticed a two-headed ogre
  6396 | D:8      | Killed a two-headed ogre
  6397 | D:8      | Reached skill level 7 in Shields
  6554 | D:8      | Reached ** piety under Hepliaklqana
  6556 | D:8      | Remembered your ancestor Lucius as a battlemage
  6839 | D:8      | Noticed Joseph
  6856 | D:8      | Killed Joseph
  6857 | D:8      | Reached XP level 10. HP: 70/70 MP: 14/14
  7161 | D:8      | Reached skill level 8 in Shields
  7189 | D:8      | Got the Spellbook of the Singed Wyrd
  7912 | D:7      | Noticed a purple ugly thing
  7931 | D:7      | Killed a purple ugly thing
  8326 | D:9      | Noticed Erolcha
  8334 | D:9      | Killed Erolcha
  8335 | D:9      | Reached skill level 9 in Shields
  8374 | D:9      | Found a staircase to the Lair.
  8426 | D:9      | Reached skill level 5 in Fighting
  8518 | D:9      | Noticed a wizard
  8522 | D:9      | Killed a wizard
  8554 | D:9      | Noticed Erica
  8567 | D:9      | Killed Erica
  8568 | D:9      | Reached skill level 5 in Stealth
  8568 | D:9      | Reached XP level 11. HP: 77/77 MP: 9/15
  8636 | D:9      | Noticed Grum
  8645 | D:9      | Killed Grum
  9087 | Lair:1   | Entered Level 1 of the Lair of Beasts
  9089 | Lair:1   | Reached *** piety under Hepliaklqana
  9265 | D:10     | Entered Level 10 of the Dungeon
  9708 | D:10     | Noticed Maurice
  9719 | D:10     | Killed Maurice
  9988 | D:10     | Reached skill level 10 in Shields
 10029 | D:10     | Noticed a five-headed hydra
 10218 | Lair:1   | Reached skill level 5 in Poison Magic
 10221 | Lair:1   | Noticed Gastronok
 10247 | Lair:1   | Killed Gastronok
 10351 | Lair:1   | Noticed Urug
 10387 | Lair:1   | Killed Urug
 10524 | Lair:1   | Reached **** piety under Hepliaklqana
 10758 | Lair:2   | Noticed a seven-headed hydra
 10785 | Lair:2   | Reached skill level 10 in Long Blades
 10854 | Lair:2   | Reached XP level 12. HP: 86/86 MP: 18/18
 10864 | Lair:2   | Killed a seven-headed hydra
 10865 | Lair:2   | Reached skill level 11 in Shields
 11101 | Lair:2   | Found a shimmering blue altar of Sif Muna.
 11421 | Lair:3   | Noticed a six-headed hydra
 11440 | Lair:3   | Slain by a nine-headed hydra

Illustrated notes

Levels and vault maps discovered:
D:1:      nzn_arrival_water_spiral, layout_basic
D:2:      minmay_door_path, layout_basic, serial_shops, shop, moated_statue,
          serial_bayou_pond_c
D:3:      layout_loops_ring, nicolae_overflow_hidden_temple,
          gammafunk_temple_overflow_claw, serial_shops,
          nicolae_shop_temple_entry_statues_fountains
D:4:      layout_loops_ring, portal_sewer_entry_f, uniq_eustachio, uniq_robin
D:5:      layout_gridville, minmay_temple_entry_stoned_glass
D:6:      layout_basic, mainiacjoe_overflow_24_doors, serial_shops,
          nicolae_shop_rolled_up, uniq_maggie
D:7:      minmay_slanted_spiral_squares, layout_cave_pools,
          gammafunk_ghost_hive, grunt_ministairs_12, uniq_duvessa
D:8:      layout_basic, chequers_serial_rivers_micro_b, uniq_joseph
D:9:      layout_roguey, lair_entry_dummy, hangedman_decor_opposing,
          nicolae_concentric_dashed_squares_mild, kennysheep_generic_room_8,
          uniq_grum, uniq_erica, uniq_erolcha
D:10:     layout_gridville, nrook_uturn, uniq_maurice
Lair:1:   layout_big_grid, grunt_megastairs_3, uniq_gastronok, uniq_urug
Lair:2:   layout_hall_layers, basic_altar, ebering_ghost_disaster_area,
          grunt_megastairs_2, serial_bayou_shore_a, infiniplex_staircase_pool,
          lemuel_fruit_tree
Lair:3:   layout_gridlike, minmay_shoals_entry_beasts, dummy_snake_entry

Skill      XL: |  1  2  3  4  5  6  7  8  9 10 11 12 |
---------------+-------------------------------------+-----
Dodging        | 2 3 4 5 6 7 8 |  8.0
Long Blades    | 1 2 3 4 5 7 9 10 | 10.3
Transmutations | 2 3 |  3.5
Shields        | 2 3 4 6 7 9 10 11 | 11.5
Fighting       | 1 2 3 4 5 6 |  6.9
Stealth        | 2 3 4 5 |  5.5
Poison Magic   | 4 5 6 |  6.0
Evocations     | 1 |  1.8
Spellcasting   | 3 4 |  4.4
Short Blades   | |  0.3
Unarmed Combat | |  0.5

Action                     |  1- 3 |  4- 6 |  7- 9 | 10-12 || total
---------------------------+-------+-------+-------+-------++-------
  Melee: Unarmed           |    42 |       |       |       ||    42
         Tailslap          |     9 |     9 |    24 |    36 ||    78
         Punch             |     1 |       |       |       ||     1
         Short sword       |    27 |       |       |       ||    27
         Long sword        |    17 |    96 |   202 |   227 ||   542
   Cast: Sting             |    30 |       |       |    46 ||    76
 Invoke: Ancestor Identity |       |       |     1 |       ||     1
         Ancestor Life: Ba |       |       |     1 |       ||     1
         Recall Ancestor   |       |       |       |     1 ||     1
Ability: Breathe Noxious F |       |       |     2 |    12 ||    14
  Evoke: Wand              |       |     1 |     7 |       ||     8
    Use: Scroll            |     2 |     1 |     2 |     9 ||    14
         Potion            |       |       |       |     1 ||     1
   Stab: Sleeping          |     1 |     1 |     3 |     2 ||     7
         Distracted        |       |       |     1 |     2 ||     3
         Confused          |       |       |       |     1 ||     1
 Armour: Skin              |    24 |    14 |    59 |    52 ||   149
  Dodge: Dodged            |    65 |    29 |   117 |   164 ||   375
  Block: Tower shield      |     7 |    95 |   286 |   377 ||   765

Table legend: (Time is in decaauts)
 A = Elapsed time spent in this place.
 B = Non-inter-level travel time spent in this place.
 C = Inter-level travel time spent in this place.
 D = Time resting spent in this place.
 E = Time spent auto-exploring this place.
 F = Levels seen in this place.
 G = Mean time per level.
                   A        B        C        D        E       F      G
               +--------+--------+--------+--------+--------+-----+--------+
         Total |  11725 |  11393 |    332 |    698 |   4521 |  14 |  837.5 |
       Dungeon |  10301 |   9969 |    332 |    637 |   4398 |  10 | 1030.1 |
          Lair |   1311 |   1311 |      0 |     61 |    123 |   3 |  437.0 |
         Sewer |    112 |    112 |      0 |      0 |      0 |   1 |  112.0 |
               +--------+--------+--------+--------+--------+-----+--------+

Top non-repeatable levels by time:
     D:6: 1516 daAuts
     D:8: 1411 daAuts
     D:3: 1076 daAuts
     D:1: 1042 daAuts
     D:4: 1013 daAuts
     D:9: 996 daAuts
     D:7: 890 daAuts
    D:10: 861 daAuts
     D:2: 777 daAuts
     D:5: 714 daAuts
  Lair:1: 641 daAuts
  Lair:2: 593 daAuts
   Sewer: 112 daAuts
  Lair:3: 77 daAuts
